 Dungeon Crawl Stone Soup version 0.29-a0-283-ga02f740833 (webtiles) character file.

Game seed: 13323136241165772937

732 spaghetti the Ducker (level 7, -4/46 HPs)
             Began as an Octopode Chaos Knight on Mar 13, 2022.
             Was an Initiate of Yredelemnul.
             Slain by a gnoll
             ... wielding a +0 halberd
              (7 damage)
             ... on level 4 of the Dungeon.
             The game lasted 00:09:12 (4726 turns).

spaghetti the Ducker (Octopode Chaos Knight)        Turns: 4726, Time: 00:09:14

Health: -4/46      AC:  1    Str: 15    XL:     7   Next: 73%
Magic:  8/9        EV: 16    Int: 13    God:    Yredelemnul [......]
Gold:   212        SH:  0    Dex: 13    Spells: 6/6 levels left

rFire   . . .      SeeInvis .   a - +0 short sword (chaos) {short}
rCold   . . .      Faith    +   (no shield)
rNeg    . . .      Spirit   .   (helmet restricted)
rPois   .          Reflect  .   j - amulet of faith {!P}
rElec   .          Harm     .   i - +6 ring of strength
rCorr   .          Rampage  .   (no ring)
Will    .....      Rage     1%  (no ring)
Stlth   ++........              (no ring)
HPRegen 0.15/turn               (no ring)
MPRegen 0.11/turn               (no ring)
                                (no ring)
                                (no ring)

@: no status effects
A: almost no armour, amphibious, 8 rings, camouflage 1, gelatinous body 1,
(nimble swimmer 1), tentacles, berserk 1, dopey 1, weak 1, wild magic 1
a: Renounce Religion, Recall Undead Harvest


You were on level 4 of the Dungeon.
You worshipped Yredelemnul.
Yredelemnul was noncommittal.
You visited 2 branches of the dungeon, and saw 5 of its levels.

You collected 212 gold pieces.


Innate Abilities, Weirdness & Mutations

You cannot wear most types of armour.
You are amphibious.
You can wear up to eight rings at the same time.
Your skin changes colour to match your surroundings (Stealth+).
Your rubbery body absorbs attacks. (AC +1, EV +1)
((You are camouflaged when in or above water. (Stealth+)))
You have tentacles for arms and can constrict up to eight enemies at once.
You tend to lose your temper in combat.
You are dopey. (Int -2)
You are weak. (Str -2)
Your spells are a little harder to cast, but a little more powerful.


   Skills:
 - Level 3.0 Fighting
 - Level 5.0 Short Blades
 * Level 7.0 Dodging
 + Level 3.0 Invocations


You had 6 spell levels left.
You didn't know any spells.
Your spell library contained the following spells:

 Spells                   Type           Power      Damage    Failure   Level
 Tukima's Dance           Hex            0%         N/A       75%         3
 Anguish                  Hex/Necr       0%         N/A       98%         4
 Enfeeble                 Hex            0%         N/A       100%        7

Inventory:

Hand Weapons
 a - a +0 short sword of chaos (weapon) {short}
Missiles
 c - 6 boomerangs {throwing}
 d - 13 poisoned darts {throwing}
 e - 154 stones (quivered) {throwing}
 f - 5 atropa-tipped darts {throwing}
Jewellery
 i - a +6 ring of strength (left tentacle)
   (You found it on level 2 of the Dungeon)
 j - an amulet of faith (around mantle) {!P}
   (You found it on level 2 of the Dungeon)
 m - an amulet of magic regeneration {@e2}
   (You found it on level 2 of the Dungeon)
 n - a ring of positive energy
   (You took it off a gnoll shaman on level 4 of the Dungeon)
Scrolls
 g - 2 scrolls of teleportation {@r4}
 h - a scroll of holy word {forbidden}
 k - 2 scrolls of magic mapping {!r}
 l - a scroll of torment {!r}
 o - a scroll of enchant armour
Miscellaneous
 b - a piece from Xom's chessboard (15/15)

Dungeon Overview and Level Annotations

Branches:
Dungeon (4/15)             Temple (1/1) D:4

Altars:
Ashenzari
Cheibriados
Elyvilon
Gozag
Hepliaklqana
Kikubaaqudgha
Makhleb
Nemelex Xobeh
Okawaru
Qazlal
Ru
Sif Muna
Trog
Xom
Yredelemnul
Zin
The Shining One

Shops:
D:2

! ......#.#..#)......#.# #.#
.....##.##.#########.# #.####
.....##.##..'.....#..###.....
....##...#).#...).#......#
....###..#..#######.######
...###.......#.?.#..######.#
..##.........##.##.>.......#
..##.##.......#'#...########
#.##..###...#.){@.###
..##........#######
8.#####.###.#
⌠..########.#####
................#
...########.###.# #.## #.#
#.# #.# #.# #.#


There were no monsters in sight!


Message History

You swap places.
You swap places.
Key pressed, stopping explore.
You swap places.
There is an open door here.
You see here a +0 club {mace}.
There is an escape hatch in the floor here. 2 gnolls come into view.
The gnoll shouts!
The gnoll moves out of view. x2
A gnoll comes into view. It is wielding a +0 hand axe. 😎 HP[+2]
Your hp is fully restored (46).
A gnoll is nearby!
Unknown command.
The gnoll shouts!
You hit the gnoll.
The gnoll seems to grow stronger.
Your grab misses the gnoll. You squeeze the gnoll.
The gnoll barely misses you. x3
You barely miss the gnoll. Your grab misses the gnoll. You squeeze the gnoll.
You kill the gnoll!
A black mist starts to gather...
The gnoll hits you from afar with a +0 halberd!
The gnoll misses you.
Your Invocations skill increases to level 3! 😮 HP[-13]
You take 13 damage, and now have 33/46 hp.
MASSIVE DAMAGE!! (PAUSE)
You are too injured to fight recklessly!
You swap places.
The gnoll hits your spectral endoplasm with a +0 halberd.
The gnoll hits your spectral endoplasm with a +0 halberd!
Your spectral endoplasm is destroyed!
You swap places.
The gnoll hits your gnoll zombie with a +0 halberd. x2
Your gnoll zombie hits the gnoll.
Something hits your gnoll zombie.
The gnoll hits your gnoll zombie with a +0 halberd.
What are your orders? t - Shout!
Orders for allies: a - Attack new target. r - Retreat! s - Stop attacking. g - Guard the area. f - Follow me.
Anything else - Cancel.
Gang up on whom?
Press: ? - help, Dir - move target, f - gnoll
Aim: a gnoll, wielding a +0 halberd (lightly wounded, ally target) Attack!
Your gnoll zombie hits something. 😮 HP[+1]
The gnoll barely misses your scorpion zombie.
Your scorpion zombie hits the gnoll.
The gnoll hits your scorpion zombie with a +0 halberd!
Your scorpion zombie closely misses the gnoll.
The gnoll hits your scorpion zombie with a +0 halberd!
Your scorpion zombie hits the gnoll.
Something hits your scorpion zombie!
The gnoll hits your scorpion zombie with a +0 halberd.
Your scorpion zombie is destroyed! 😕 HP[+1]
The gnoll hits your orc zombie with a +0 halberd!
Your orc zombie is destroyed!
The gnoll barely misses you. The gnoll completely misses you.
You hit the gnoll. You freeze the gnoll. Your grab misses the gnoll.
You squeeze the gnoll. The gnoll closely misses you.
You barely miss the gnoll. You grab the gnoll. You constrict the gnoll.
You kill the gnoll!
Your Dodging skill increases to level 7!
The gnoll hits you with a +0 halberd!
Things that are here:
a +0 halberd {polearm}; an emerald potion; a scroll of identify {@r1} 😮 HP[-10]
You take 10 damage, and now have 25/46 hp.
MASSIVE DAMAGE!! (PAUSE)
You hit the gnoll.
The gnoll flickers and vanishes!
Deactivating autopickup; reactivate with Ctrl-A.
Something hits you!
* * * LOW HITPOINT WARNING * * *
😨 HP[-8]
You take 8 damage, and now have 17/46 hp.
You barely miss something. Something hits you.
* * * LOW HITPOINT WARNING * * *
😨 HP[-4]
You take 4 damage, and now have 13/46 hp.
It was a potion of mutation.
You feel extremely strange.
You feel more energetic.
You feel weaker.
You feel stupid.
You feel a little pissed off.
You feel less in control of your magic. Something closely misses you.
You closely miss something. Something hits you.
* * * LOW HITPOINT WARNING * * *
😱 HP[-5]
You take 5 damage, and now have 8/46 hp.
You hit something but do no damage. Your squeeze misses something.
Something hits you.
* * * LOW HITPOINT WARNING * * *
😱 HP[-5]
You take 5 damage, and now have 3/46 hp.
Okay, then.
Okay, then.
Okay, then.
You hit something. Something hits you!
You die...
Your body rises from the dead as a mindless zombie.

Skill      XL: |  1  2  3  4  5  6  7 |
---------------+----------------------+-----
Short Blades   | 4 5 |  5.0
Dodging        | 4 5 7 |  7.0
Invocations    | 1 3 |  3.0
Fighting       | |  3.0

Action                   |  1- 3 |  4- 6 |  7- 9 || total
-------------------------+-------+-------+-------++-------
Melee: Short sword       |    56 |    80 |    25 ||   161
       Constrict         |    15 |    18 |     6 ||    39
       Tentacles         |    16 |    15 |     9 ||    40
       Punch             |     1 |       |     1 ||     2
Throw: Stone             |    37 |    51 |    10 ||    98
Evoke: Piece from Xom's  |     5 |       |       ||     5
  Use: Scroll            |     2 |     9 |       ||    11
       Potion            |     3 |     4 |     1 ||     8
 Stab: Sleeping          |     5 |     2 |       ||     7
       Distracted        |       |     1 |     1 ||     2
Armor: Skin              |     1 |     7 |     1 ||     9
Dodge: Dodged            |    30 |    59 |    18 ||   107

Levels and vault maps discovered:
D:1:      nicolae_arrival_washed_ashore, layout_loops_ring,
          shapermc_ecumenical_altar_mp_urbaneastern, minmay_unequal
D:2:      layout_loops_ring, serial_shops, nicolae_diamond_shop,
          minmay_heptomino_l4
D:3:      layout_basic
D:4:      kennysheep_spiral_hall, layout_loops_ring,
          minmay_temple_entry_drinking_statues, minmay_divided_ellipse
Temple:   minmay_crystal_spiral_temple

Notes
Turn   | Place    | Note
-------+----------+-------------------------------------------
     0 | D:1      | spaghetti the Octopode Chaos Knight began the quest for the
                  | Orb.
     0 | D:1      | Reached XP level 1. HP: 16/16 MP: 1/1
     0 | D:1      | magus.rc [v1.9.6]
   260 | D:1      | Reached XP level 2. HP: 18/21 MP: 2/2
   330 | D:1      | XOM: confuse monster(s)
   507 | D:1      | XOM: cloud trail
   546 | D:1      | Reached skill level 4 in Short Blades
   555 | D:1      | Reached XP level 3. HP: 26/26 MP: 3/3
   602 | D:1      | Found a faded altar of an unknown god.
  1004 | D:2      | Found Wewastel's Distillery.
  1038 | D:2      | HP: 5/26 [endoplasm (3)]
  1445 | D:2      | XOM: divination: detect creatures
  1842 | D:3      | Reached XP level 4. HP: 31/31 MP: 4/4
  2110 | D:3      | XOM: cast spell 'Summon Horrible Things'
  2112 | D:3      | Reached skill level 5 in Short Blades
  2308 | D:3      | Reached skill level 3 in Dodging
  2354 | D:3      | You pick up a book of Maledictions and begin reading...
  2354 | D:3      | You add the spells Tukima's Dance, Anguish and Enfeeble to
                  | your library.
  2498 | D:4      | Noticed a bullfrog
  2507 | D:4      | HP: 4/31 [bullfrog (4)]
  2653 | D:4      | XOM: silly message
  2838 | D:4      | Killed a bullfrog
  2839 | D:4      | Reached skill level 4 in Dodging
  2839 | D:4      | Reached XP level 5. HP: 18/36 MP: 5/5
  2914 | D:4      | XOM: god gift: potion of curing
  3056 | D:4      | XOM: snakes to sticks
  3149 | D:4      | Found a staircase to the Ecumenical Temple.
  3160 | Temple   | Entered the Ecumenical Temple
  3246 | Temple   | XOM: 2-stop teleportation journey
  3326 | Temple   | Fell from the grace of Xom
  3326 | Temple   | Became a worshipper of Yredelemnul the Dark
  3470 | D:4      | Noticed a water moccasin
  3493 | D:4      | Killed a water moccasin
  3494 | D:4      | Reached skill level 5 in Dodging
  3494 | D:4      | Reached XP level 6. HP: 39/42 MP: 6/6
  3633 | D:4      | Reached * piety under Yredelemnul
  3671 | D:4      | HP: 7/42 [centaur (4)]
  3673 | D:4      | Reached skill level 1 in Invocations
  3673 | D:4      | HP: 2/42 [endoplasm (3)]
  4216 | D:4      | Reached XP level 7. HP: 36/46 MP: 6/8
  4223 | D:4      | Reached skill level 6 in Dodging
  4232 | D:4      | Reached skill level 2 in Invocations
  4421 | D:4      | Noticed a hornet
  4433 | D:4      | Killed a hornet
  4572 | D:4      | XOM: give mutation
  4572 | D:4      | Gained mutation: Your magical capacity is low. (-10% MP)
                  | [Xom's mischief]
  4704 | D:4      | Reached skill level 3 in Invocations
  4720 | D:4      | Reached skill level 7 in Dodging
  4723 | D:4      | Lost mutation: Your magical capacity is low. (-10% MP)
                  | [potion of mutation]
  4723 | D:4      | Gained mutation: You are weak. (Str -2) [potion of
                  | mutation]
  4723 | D:4      | Gained mutation: You are dopey. (Int -2) [potion of
                  | mutation]
  4723 | D:4      | Gained mutation: You tend to lose your temper in combat.
                  | [potion of mutation]
  4723 | D:4      | Gained mutation: Your spells are a little harder to cast,
                  | but a little more powerful. [potion of mutation]
  4724 | D:4      | HP: 8/46 [something (5)]
  4725 | D:4      | HP: 3/46 [something (5)]
  4726 | D:4      | Slain by a gnoll

Vanquished Creatures
  A hornet (D:4)
  A water moccasin (D:4)
  A centaur (D:4)
  A bullfrog (D:4)
  A scorpion (D:4)
  A centaur zombie (D:4)
  A gnoll shaman (D:4)
  2 iguanas
  2 adders (D:4)
  2 gnolls (D:4)
  An ufetubus (D:4)
  A worm (D:2)
  6 dart slugs
  9 orcs
  7 ball pythons
  11 endoplasms
  2 giant cockroaches
  4 goblins
  5 hobgoblins
  7 jackals
  7 kobolds
  4 quokkas
  3 bats (D:1)
  3 frilled lizards (D:3)
  A giant cockroach zombie (D:4)
  2 rats
86 creatures vanquished.

Vanquished Creatures (collateral kills)
  A dart slug (D:4)
  3 endoplasms (D:4)
  A giant cockroach (D:4)
  A hobgoblin (D:3)
  2 kobolds (D:4)
8 creatures vanquished.

Vanquished Creatures (others)
  A scorpion zombie (D:4)
  2 gnoll zombies (D:4)
  An adder zombie (D:4)
  2 dart slug zombies (D:4)
  A kobold zombie (D:4)
  2 orc zombies (D:4)
  5 spectral endoplasms (D:4)
  A fungus (D:1)
  A plant (D:1)
16 creatures vanquished.

Grand Total: 110 creatures vanquished

Table legend:
 A = Non-vault XP
 B = Vault XP
 C = Vault XP percentage of total XP
 D = Non-vault monster count
 E = Vault monster count
 F = Vault count percentage of total count
                 A         B        C        D         E       F
            +---------+---------+-------+---------+---------+-------
      Total |     729 |     318 |  30.4 |      69 |      23 |  25.0
            +---------+---------+-------+---------+---------+-------
        D:1 |      41 |       8 |  16.3 |      22 |       2 |   8.3
        D:2 |      25 |       7 |  21.9 |      11 |       4 |  26.7
        D:3 |      62 |       0 |   0.0 |      15 |       0 |   0.0
        D:4 |     601 |     303 |  33.5 |      21 |      17 |  44.7
            +---------+---------+-------+---------+---------+-------

Illustrated notes

Table legend:
 A = Kills in this place as a percentage of kills in entire the game.
 B = Kills by you in this place as a percentage of kills by you in the entire game.
 C = Kills by friends in this place as a percentage of kills by friends in the entire game.
 D = Other kills in this place as a percentage of other kills in the entire game.
 E = Experience gained in this place as a percentage of experience gained in the entire game.
 F = Experience gained in this place divided by the number of levels of this place that you have seen.
                   A       B       C       D       E      F
               +-------+-------+-------+-------+-------+----------------------
         Total | 100.0 | 100.0 | 100.0 |   N/A | 100.0 | 209.4
       Dungeon | 100.0 | 100.0 | 100.0 |   N/A | 100.0 | 261.8
               +-------+-------+-------+-------+-------+----------------------

Table legend: (Time is in decaauts)
 A = Elapsed time spent in this place.
 B = Non-inter-level travel time spent in this place.
 C = Inter-level travel time spent in this place.
 D = Time resting spent in this place.
 E = Time spent auto-exploring this place.
 F = Levels seen in this place.
 G = Mean time per level.
                   A        B        C        D        E       F      G
               +--------+--------+--------+--------+--------+-----+--------+
         Total |   4716 |   4566 |    150 |    747 |   3170 |   5 |  943.2 |
       Dungeon |   4457 |   4394 |     63 |    747 |   3027 |   4 | 1114.2 |
        Temple |    258 |    171 |     87 |      0 |    143 |   1 |  258.0 |
               +--------+--------+--------+--------+--------+-----+--------+

Top non-repeatable levels by time:
     D:4: 1979 daAuts
     D:1: 951 daAuts
     D:2: 865 daAuts
     D:3: 661 daAuts
  Temple: 258 daAuts
